 Dungeon Crawl Stone Soup version 0.30-a0-723-gc1506a1cf0 (webtiles) character file.

Game seed: 10340420580645946195

59 iguanaiguana the Trooper (level 3, 0/32 HPs)
             Began as a Mummy Delver on Jan 28, 2023.
             Was a Follower of Cheibriados.
             Slain by a kobold
             ... wielding a +0 dagger
              (3 damage)
             ... on level 3 of the Dungeon.
             The game lasted 00:09:38 (1008 turns).

iguanaiguana the Trooper (Mummy Delver)             Turns: 1008, Time: 00:09:39

Health: 0/32       AC:  3    Str: 18    XL:     3   Next: 78%
Magic:  3/3        EV: 12    Int: 14    God:    Cheibriados [*.....]
Gold:   85         SH:  0    Dex: 16    Spells: 2/2 levels left

rFire   x . .      SeeInvis .    a - +0 short sword (venom)
rCold   + . .      Faith    +    (no shield)
rNeg    + + +      Spirit   .    b - +0 leather armour
rPois   ∞          Reflect  .    (no helmet)
rElec   .          Harm     .    (no cloak)
rCorr   .          Rampage  .    (no gloves)
Will    .....                    (no boots)
Stlth   ++                       (no amulet)
HPRegen 0.25/turn                (no ring)
MPRegen 0.08/turn                (no ring)

@: very slow
A: cold resistance 1, negative energy resistance 3, torment resistance 2, heat
vulnerability 1, in touch with death 1, no potions, faith
a: Renounce Religion, Bend Time


You were on level 3 of the Dungeon.
You worshipped Cheibriados.
Cheibriados was aware of your devotion.
You visited 2 branches of the dungeon, and saw 7 of its levels.

You collected 85 gold pieces.

Inventory:

Hand Weapons
 a - a +0 short sword of venom (weapon)
 i - a +0 spear
 n - a +0 dagger
Missiles
 e - 2 poisoned darts (quivered)
Armour
 b - a +0 leather armour (worn)
 k - a +0 robe
Jewellery
 h - a ring of ice
Wands
 f - a wand of digging (2) {@v3}
Scrolls
 c - 2 scrolls of fog
 d - a scroll of magic mapping {@r5}
 g - 3 scrolls of teleportation {@r3}
 m - a scroll of silence {unknown}
 o - a scroll of immolation {unknown}


   Skills:
 + Level 4.8 Fighting
 - Level 1.5 Short Blades
 - Level 1.5 Dodging
 - Level 4.1 Stealth


You had 2 spell levels left.
You didn't know any spells.
Your spell library contained the following spells:

 Spells                   Type           Power      Damage    Failure   Level
 Ensorcelled Hibernation  Hex/Ice        0%         N/A       45%         2
 Anguish                  Hex/Necr       0%         N/A       98%         4
 Spider Form              Tmut/Pois      Unusable   N/A       N/A         3

Dungeon Overview and Level Annotations

Branches:
Dungeon (6/15) Zot: 39589  Temple (1/1) D:5 Zot: 8950

Altars:
Cheibriados
Gozag
Hepliaklqana
Qazlal
Sif Muna
Xom

Annotations:
D:3 exclusions: hobgoblin and orc priest
D:5 exclusion: gnoll


Innate Abilities, Weirdness & Mutations

You are immune to poison.
Your flesh is cold resistant. (rC+)
You are immune to negative energy. (rN+++)
You are immune to unholy pain and torment.
You are vulnerable to heat. (rF-)
You are in touch with the powers of death.
You do not drink.
You have a special connection with the divine. (Faith)


Message History

The adder bites you. The kobold hits you with a +0 dagger.
* * * LOW HITPOINT WARNING * * *
You completely miss the adder.
The adder is heavily wounded.
The adder bites you.
* * * LOW HITPOINT WARNING * * *
Found a hand axe.
The kobold attacks as you move away! The adder attacks as you move away!
The adder bites you.
* * * LOW HITPOINT WARNING * * *
The adder bites you.
* * * LOW HITPOINT WARNING * * *
You barely miss the kobold. The kobold hits you with a +0 dagger.
* * * LOW HITPOINT WARNING * * *
You closely miss the kobold.
You can't drink.
As you read the scroll labelled JOAKIE ASTYZEESCH, it crumbles to dust.
You feel a surge of unholy energy.
The adder convulses!
It was a scroll of torment.
The kobold hits you with a +0 dagger.
* * * LOW HITPOINT WARNING * * *
The adder bites you.
* * * LOW HITPOINT WARNING * * *
Press: ? - help, v - describe, . - travel
Here: a kobold, wielding a +0 dagger and wearing a +0 ring mail The floor.
Unknown command.
Unknown command.
As you read the scroll labelled NIONUPOUCY, it crumbles to dust.
It is a scroll of brand weapon.
Your +0 short sword drips with poison.
a - a +0 short sword of venom (weapon)
You hit the adder.
You kill the adder!
Cheibriados appreciates the change of pace.
Cheibriados raises the support of your attributes as your movement slows.
The kobold hits you with a +0 dagger.
* * * LOW HITPOINT WARNING * * *
You hit the kobold but do no damage.
The kobold is poisoned.
The kobold hits you with a +0 dagger.
You die...

#.###....
##.##.#....#.
#..#.....##.. #
##.#...<.###.#
..###..#.#..###..#
...#.##.#..##..##
#......#.....##
###......#...###
#@K.....)....#
###.##.#...#.##...#
...........##.##.#.#
.......##.###.!..#.#
.)...####.###.####.#
...........##.# #.#
.....###......####
... #.###.....# #.#
# #. #..##.#


You could see a kobold (very poisoned).

Vanquished Creatures
  4 adders
  4 ball pythons
  A giant cockroach (D:1)
  4 goblins (D:2)
  3 hobgoblins
  2 kobolds
  A quokka (D:2)
  3 bats (D:2)
22 creatures vanquished.

Notes
Turn   | Place    | Note
-------+----------+-------------------------------------------
     0 | D:5      | iguanaiguana the Mummy Delver began the quest for the Orb.
     0 | D:5      | Reached XP level 1. HP: 18/18 MP: 1/1
    39 | D:5      | Found a staircase to the Ecumenical Temple.
    46 | Temple   | Entered the Ecumenical Temple
    71 | Temple   | Became a worshipper of Cheibriados the Contemplative
   106 | D:5      | Noticed a water moccasin
   138 | D:3      | Reached XP level 2. HP: 23/24 MP: 2/2
   331 | D:1      | Gained mutation: You are in touch with the powers of death.
                  | [Mummy growth]
   331 | D:1      | Reached XP level 3. HP: 30/30 MP: 3/3
   411 | D:1      | Reached * piety under Cheibriados
  1008 | D:3      | Slain by a kobold

Illustrated notes

Levels and vault maps discovered:
D:1:      onia_arrival_pyramid, layout_basic, supply_closet_lemuel
D:2:      layout_loops_ring, minmay_misc_feat_square
D:3:      layout_rooms, kennysheep_cross_bottleneck
D:4:      layout_rooms, lemuel_round_altar, moated_statue
D:5:      layout_basic, nicolae_ru_great_annihilating_truth,
          minmay_temple_entry_butterflies
D:6:      layout_loops_ring, kennysheep_mini_moat,
          mainiacjoe_overflow_big_doors, minmay_misc_feat_room
Temple:   nicolae_temple_ecumenical_triangle

Skill      XL: |  1  2 |
---------------+-------+-----
Fighting       | 4 |  4.8
Short Blades   | |  1.5
Dodging        | |  1.5
Stealth        | |  4.1

Action                     || total
---------------------------++-------
  Melee: Short sword       ||   106
         Punch             ||     1
  Throw: Dart              ||     1
  Evoke: Wand              ||     1
    Use: Scroll            ||     6
   Stab: Sleeping          ||     5
 Armour: Leather armour    ||    31
  Dodge: Dodged            ||    79

Table legend: (Time is in decaauts)
 A = Elapsed time spent in this place.
 B = Non-inter-level travel time spent in this place.
 C = Inter-level travel time spent in this place.
 D = Time resting spent in this place.
 E = Time spent auto-exploring this place.
 F = Levels seen in this place.
 G = Mean time per level.
                   A        B        C        D        E       F      G
               +--------+--------+--------+--------+--------+-----+--------+
         Total |   1274 |   1082 |    192 |      0 |      0 |   7 |  182.0 |
       Dungeon |   1237 |   1045 |    192 |      0 |      0 |   6 |  206.2 |
        Temple |     36 |     36 |      0 |      0 |      0 |   1 |   36.0 |
               +--------+--------+--------+--------+--------+-----+--------+

Top non-repeatable levels by time:
     D:2: 596 daAuts
     D:1: 393 daAuts
     D:3: 141 daAuts
     D:5: 78 daAuts
  Temple: 36 daAuts
     D:4: 20 daAuts
     D:6: 8 daAuts
